 Dungeon Crawl Stone Soup version 0.19-b1-3-g7dea586 (webtiles) character file.

13938 syranez the Cleaver (level 11, -15/94 HPs)
             Began as a Centaur Berserker on Oct 29, 2016.
             Was a High Priest of Trog.
             Killed from afar by a wizard (38 damage)
             ... with a crystal spear
             ... in a volcano.
             The game lasted 00:32:08 (14333 turns).

syranez the Cleaver (Centaur Berserker)            Turns: 14333, Time: 00:32:08

Health: -15/94     AC: 13    Str: 21    XL:     11   Next: 82%
Magic:  11/11      EV:  4    Int:  8    God:    Trog [*****.]
Gold:   442        SH: 14    Dex:  9    Spells: 0 memorised, 10 levels left

rFire  + + .     SeeInvis .     r - +2 hand axe (flame)
rCold  . . .     Gourm    .     d - +0 plate armour
rNeg   . . .     Faith    +     m - +0 shield
rPois  .         Spirit   .     p - +1 helmet
rElec  .         Reflect  .     (no cloak)
rCorr  .         Harm     .     (no gloves)
MR     .....                    (no barding)
Stlth  ..........               H - amulet of faith
                                I - ring of protection from fire
                                G - ring of protection from fire

@: exhausted, slowed
A: hooves 3, large bone plates 1, deformed body, speed 2, tough skin 3, wild
magic 1, MP-powered wands
a: Berserk, Trog's Hand, Brothers in Arms, Burn Spellbooks, Renounce Religion


You were in a volcano.
You worshipped Trog.
Trog was extremely pleased with you.
You were not hungry.

You visited 2 branches of the dungeon, and saw 11 of its levels.
You also visited: Volcano.

You collected 442 gold pieces.

Inventory:

Hand Weapons
 r - a +2 hand axe of flaming (weapon)
 z - a +5 battleaxe of freezing
Missiles
 C - 3 steel javelins (quivered)
 E - 3 poisoned tomahawks
 N - 7 javelins of returning
Armour
 d - a +0 plate armour (worn)
 m - a +0 shield (worn)
 p - a +1 helmet (worn)
 q - a +3 chain mail of cold resistance
Jewellery
 k - an uncursed amulet of the gourmand
 o - an uncursed amulet of magic regeneration
 G - a ring of protection from fire (left hand)
 H - an amulet of faith (around neck)
 I - a ring of protection from fire (right hand)
Scrolls
 b - 3 scrolls of fog
 j - 6 scrolls of immolation
 l - 2 scrolls of recharging
 n - 3 scrolls of enchant armour
 u - 2 scrolls of magic mapping
 v - a scroll of fear
 x - 2 scrolls of teleportation
 y - a scroll of amnesia {unknown}
 F - 2 scrolls of remove curse
 K - 2 scrolls of blinking {unknown}
 L - a scroll of enchant weapon
Potions
 e - 3 potions of flight
 i - 3 potions of curing
 w - 3 potions of agility
Comestibles
 c - 4 bread rations
 g - 6 meat rations
 t - 11 chunks of flesh
 J - 4 fruits


   Skills:
 + Level 8.2 Fighting
 + Level 10.8 Axes
 + Level 6.6 Throwing
 + Level 6.8 Armour
 + Level 2.9 Dodging
 - Level 0.9 Stealth
 + Level 5.6 Shields
   Level 0.1 Evocations


You had 10 spell levels left.
You didn't know any spells.

Dungeon Overview and Level Annotations

Branches:
Dungeon (8/15)             Temple (0/1) D:4            Lair (3/6) D:8
 Shoals (0/4) Lair:2
  Snake: Lair:2-4    Spider: Lair:2-4

Altars:
Fedhas


Innate Abilities, Weirdness & Mutations

You have hooves in place of feet.
Armour fits poorly on your strangely shaped body.
You cover ground very quickly.
You have extremely tough skin. (AC +3)
You are partially covered in large bone plates. (SH +4)
Your spells are a little harder to cast, but a little more powerful.
You expend magic power (3 MP) to strengthen your wands.


Message History

You block the crystal spear. The wizard hits you but does no damage.
There is an open door, spattered with blood here.
You barely miss the wizard. Your kick misses the wizard.
You closely miss the wizard. Your kick misses the wizard.
You are no longer berserk.
You are exhausted.
You feel yourself slow down. The wizard hits you but does no damage.
You closely miss the wizard. Your kick misses the wizard.
The wizard hits you but does no damage.
The wizard hits you with a mace of flaming.
* * * LOW HITPOINT WARNING * * *
You hit the wizard.
The wizard is lightly wounded.
The wizard casts a spell at you.
You feel as though you will be slow longer.
You feel better. The wizard casts a spell at you. The crystal spear hits you!
You die...

###§≈§≈≈≈§§≈§
≈§§§§≈§§§≈≈≈
≈§≈§≈§§§§§≈
#######§≈ ≈
#.....#≈ ≈≈§
#.....#≈≈§≈§
#..p..#≈≈≈≈§
###@###§§≈≈#
#.....#≈≈≈#
+.∩.∩.#§§≈≈
#.....#≈§≈≈≈
#######≈≈§≈§
§≈≈≈≈§≈§§§§≈≈
≈§≈≈≈≈≈≈§≈≈§§§#
≈§≈≈≈≈§≈≈≈≈≈§≈##
≈§§≈≈≈≈≈≈≈≈####


You could see a wizard.

Vanquished Creatures
  A hydra (Lair:1)
  The ghost of slayr the Carver, a novice MfCK of Xom (D:8)
  Pikel (D:6)
  3 black mambas
  A siren (Lair:2)
  2 toenail golems (Volcano)
  5 spiny frogs
  3 komodo dragons
  2 rime drakes
  A merfolk (Lair:2)
  A two-headed ogre (D:8)
  4 hippogriffs
  12 yaks
  6 water moccasins
  4 porcupines
  2 orc warriors (D:7)
  3 ice beasts
  4 slaves
  3 black bears
  3 ogres
  A sky beast (D:8)
  4 centaurs
  2 phantoms
  5 crocodiles
  6 bullfrogs
  A howler monkey (D:6)
  5 wights (D:6)
  An electric eel (Lair:2)
  2 crimson imps
  A bullfrog zombie (D:8)
  3 hounds (D:7)
  2 jellies
  3 orc wizards
  3 orc priests
  A bullfrog skeleton (D:4)
  Jessica (D:3)
  2 centaur skeletons
  6 worker ants
  Terence (D:3)
  Ijyb (D:3)
  A killer bee zombie (D:7)
  3 hound skeletons
  Robin (D:4)
  3 gnolls (D:8)
  6 adders
  2 shadow imps (D:7)
  An adder zombie (D:6)
  An adder skeleton (D:5)
  A worm (D:2)
  2 dart slugs
  6 leopard geckos
  19 orcs
  10 bats
  6 giant cockroaches
  22 goblins
  8 hobgoblins
  16 jackals
  9 kobolds
  2 ball pythons
  A ball python zombie (D:5)
  7 frilled lizards
  A leopard gecko skeleton (D:7)
  A leopard gecko zombie (D:6)
  15 rats
  2 fungi (D:8)
259 creatures vanquished.

Vanquished Creatures (collateral kills)
  A spiny frog (Lair:3)
1 creature vanquished.

Vanquished Creatures (others)
  4 fungi
  A plant (D:8)
5 creatures vanquished.

Grand Total: 265 creatures vanquished

Notes
Turn   | Place    | Note
-------+----------+-------------------------------------------
     0 | D:1      | syranez the Centaur Berserker began the quest for the Orb.
     0 | D:1      | Reached XP level 1. HP: 19/19 MP: 1/1
   101 | D:1      | Reached XP level 2. HP: 11/26 MP: 2/2
   841 | D:1      | Reached skill level 3 in Axes
  1172 | D:2      | Reached XP level 3. HP: 26/31 MP: 3/3
  1323 | D:2      | Reached ** piety under Trog
  2269 | D:3      | Noticed Ijyb
  2276 | D:3      | Killed Ijyb
  2276 | D:3      | Reached XP level 4. HP: 40/40 MP: 4/4
  2673 | D:3      | Noticed Terence
  2695 | D:3      | Killed Terence
  2695 | D:3      | Reached skill level 1 in Throwing
  2918 | D:3      | Noticed Jessica
  2928 | D:3      | Killed Jessica
  2928 | D:3      | Reached XP level 5. HP: 33/46 MP: 5/5
  3817 | D:4      | Reached *** piety under Trog
  3817 | D:4      | Reached skill level 4 in Axes
  4538 | D:4      | Reached XP level 6. HP: 52/52 MP: 6/6
  4544 | D:4      | Reached skill level 1 in Shields
  4701 | D:4      | Found a staircase to the Ecumenical Temple.
  4926 | D:4      | Noticed Robin
  4936 | D:4      | Killed Robin
  5080 | D:5      | Entered Level 5 of the Dungeon
  5226 | D:5      | Reached XP level 7. HP: 46/59 MP: 7/7
  5490 | D:5      | Reached skill level 5 in Axes
  5915 | D:6      | Reached XP level 8. HP: 67/67 MP: 8/8
  5920 | D:6      | Reached skill level 5 in Fighting
  5920 | D:6      | Reached skill level 6 in Axes
  6092 | D:6      | Reached **** piety under Trog
  6366 | D:6      | Found a blossoming altar of Fedhas.
  7020 | D:6      | Noticed Pikel
  7027 | D:6      | Killed Pikel
  7027 | D:6      | Reached skill level 7 in Axes
  7027 | D:6      | Reached XP level 9. HP: 74/74 MP: 9/9
  7238 | D:7      | Received a gift from Trog
  7852 | D:7      | Received a gift from Trog
  8433 | D:8      | Reached skill level 8 in Axes
  8441 | D:8      | Gained mutation: You are frail. (-10% HP) [mutagenic meat]
  8695 | D:8      | Found a staircase to the Lair.
  8729 | D:8      | Reached skill level 5 in Throwing
  9088 | D:8      | Lost mutation: You are frail. (-10% HP) [potion of cure mutation]
  9203 | D:8      | Reached skill level 5 in Armour
  9329 | D:8      | Noticed slayr's ghost (novice MfCK)
  9351 | D:8      | Killed slayr's ghost
  9351 | D:8      | Reached XP level 10. HP: 83/83 MP: 8/10
  9835 | Lair:1   | Entered Level 1 of the Lair of Beasts
  9848 | Lair:1   | Reached ***** piety under Trog
 10181 | Lair:1   | Reached skill level 9 in Axes
 10203 | Lair:1   | Noticed a spiny frog
 10217 | Lair:1   | Killed a spiny frog
 10506 | Lair:1   | Noticed a spiny frog
 10513 | Lair:1   | Killed a spiny frog
 10735 | Lair:1   | Noticed a black mamba
 10737 | Lair:1   | Noticed an eight-headed hydra
 10747 | Lair:1   | Killed a black mamba
 10748 | Lair:1   | Killed a four-headed hydra
 10754 | Lair:1   | Reached skill level 5 in Shields
 11093 | Lair:1   | Noticed a spiny frog
 11112 | Lair:1   | Reached XP level 11. HP: 57/92 MP: 11/11
 11118 | Lair:1   | Received a gift from Trog
 12169 | Lair:1   | Reached skill level 10 in Axes
 13599 | Lair:2   | Found a staircase to the Shoals.
 14076 | Lair:3   | Received a gift from Trog
 14225 | Lair:3   | Found a dark tunnel.
 14229 | Lair:3   | Gained mutation: You are partially covered in large bone plates. (SH +4) [potion of mutation]
 14229 | Lair:3   | Gained mutation: You expend magic power (3 MP) to strengthen your wands. [potion of mutation]
 14229 | Lair:3   | Gained mutation: Your spells are a little harder to cast, but a little more powerful. [potion of mutation]
 14247 | Volcano  | Entered a volcano
 14309 | Volcano  | Noticed a wizard
 14333 | Volcano  | Killed from afar by a wizard

Skill      XL: |  1  2  3  4  5  6  7  8  9 10 11 |
---------------+----------------------------------+-----
Axes           | 3 4 5 7 8 9 10 | 10.8
Armour         | 2 3 5 6 |  6.8
Throwing       | 1 2 4 5 6 |  6.6
Fighting       | 4 5 6 7 8 |  8.2
Shields        | 1 2 3 5 |  5.6
Dodging        | 2 |  2.9
Stealth        | |  0.9
Evocations     | |  0.1

Action                   |  1- 3 |  4- 6 |  7- 9 | 10-12 || total
-------------------------+-------+-------+-------+-------++-------
Melee: Hand axe          |   132 |   156 |   373 |   336 ||   997
       Kick              |    19 |    36 |    96 |    92 ||   243
Throw: Stone             |    17 |    22 |    71 |       ||   110
       Tomahawk          |       |       |    31 |    16 ||    47
       Javelin           |       |       |       |    13 ||    13
Invok: Berserk           |     2 |     5 |     9 |     9 ||    25
       Burn Spellbooks   |       |       |     1 |     3 ||     4
       Brothers in Arms  |       |       |       |     1 ||     1
Evoke: Wand              |       |       |     1 |       ||     1
  Use: Scroll            |     5 |     2 |     2 |     6 ||    15
       Potion            |     1 |       |     2 |     6 ||     9
  Eat: Chunk             |     4 |    13 |    16 |    12 ||    45
       Pizza             |       |       |     1 |       ||     1
       Beef jerky        |       |       |     2 |     1 ||     3
       Fruit             |       |       |       |     1 ||     1
       Meat ration       |       |       |       |     2 ||     2
Armor: Animal skin       |     7 |       |       |       ||     7
       Scale mail        |    50 |    29 |       |       ||    79
       Chain mail        |       |    61 |   154 |    92 ||   307
       Plate armour      |       |       |       |    19 ||    19
Dodge: Dodged            |    66 |    26 |    46 |    48 ||   186
Block: Shield            |       |    45 |   131 |   146 ||   322
